 Dungeon Crawl Stone Soup version 0.22.1-2-g9c5b331 (webtiles) character file.

55 Fang the Skirmisher (level 3, -5/36 HPs)
             Began as a Gargoyle Berserker on Dec 12, 2018.
             Was a Believer of Trog.
             Slain by Natasha (6 damage)
             ... on level 2 of the Dungeon.
             The game lasted 00:01:25 (1392 turns).

Fang the Skirmisher (Gargoyle Berserker)            Turns: 1392, Time: 00:01:25

Health: -5/36      AC:  5    Str: 26    XL:     3   Next: 93%
Magic:  3/3        EV: 12    Int:  7    God:    Trog [**....]
Gold:   54         SH:  0    Dex:  9    Spells: 2/2 levels left

rFire    . . .     SeeInvis .   a - +0 hand axe
rCold    . . .     Gourm    .   (no shield)
rNeg     + . .     Faith    .   b - +0 animal skin
rPois    ∞         Spirit   .   (no helmet)
rElec    +         Reflect  .   (no cloak)
rCorr    .         Harm     .   (no gloves)
MR       .....                  (no boots)
Stlth    ..........             (no amulet)
HPRegen  0.12/turn              (no ring)
MPRegen  0.08/turn              (no ring)

@: berserking, very quick
A: negative energy resistance 1, electricity resistance, unbreathing,
petrification resistance, rot immunity, AC +3
a: Berserk, Trog's Hand, Renounce Religion


You were on level 2 of the Dungeon.
You worshipped Trog.
Trog was pleased with you.
You were very hungry.

You visited 1 branch of the dungeon, and saw 2 of its levels.

You collected 54 gold pieces.

Inventory:

Hand Weapons
 a - a +0 hand axe (weapon)
Armour
 b - a +0 animal skin (worn)
Scrolls
 e - a scroll of remove curse {unknown}
 g - 2 scrolls of identify {unknown}
 j - a scroll of blinking {unknown}
 l - a scroll of fog {unknown}
Potions
 d - a potion of heal wounds {unknown}
 f - a potion of haste {unknown}
 h - a potion of flight {unknown}
 k - a potion of curing {unknown}
Comestibles
 c - 4 rations


   Skills:
 + Level 3.8 Fighting
 + Level 3.6 Axes
 + Level 2.3 Armour
 + Level 1.9 Dodging


You had 2 spell levels left.
You didn't know any spells.
Your spell library was empty.

Dungeon Overview and Level Annotations

Branches:
Dungeon (2/15)

Altars:

Annotations:
D:2 Natasha


Innate Abilities, Weirdness & Mutations

You are resistant to torment.
Your stone body is resilient. (AC +3)
You are immune to poison.
You resist negative energy. (rN+)
You are resistant to electric shocks. (rElec)
You can survive without breathing.
You are immune to petrification.
You are immune to rotting.


Message History

* * * LOW HITPOINT WARNING * * *
You are too injured to fight recklessly!
You are too injured to fight recklessly!
You are too injured to fight recklessly!
You are too injured to fight recklessly!
You are too injured to fight recklessly!
Unknown command.
A red film seems to cover your vision as you go berserk!
You feel yourself moving faster!
You feel mighty!
You are feeling very hungry.
The crimson imp blinks!
Natasha claws you but does no damage.
You closely miss Natasha.
Natasha is moderately wounded.
You closely miss Natasha.
Natasha is moderately wounded.
Natasha misses you.
You hit Natasha.
Natasha is heavily wounded.
Natasha claws you.
You die...

#.....# #...#######
#.#...####.#<#.....#
####......#...#)..###.#
.......>....#######
.....#.......#
.....#.##....#.
.).÷÷#...#...#5###
.....###.#...#.h.#
.#....##.....###@#
.#....####.#.....#
.#....# #.#######
##....# #.### #....#
#...# ##....# ###.#
...#### #.#### ...#
#....# ...# ####.#


You could see Natasha and a crimson imp.

Vanquished Creatures
  A hound (D:2)
  A leopard gecko (D:2)
  3 ball pythons
  2 giant cockroaches (D:2)
  2 hobgoblins
  5 bats
  A frilled lizard (D:2)
  4 goblins
  2 kobolds (D:1)
  3 rats
24 creatures vanquished.

Notes
Turn   | Place    | Note
-------+----------+-------------------------------------------
     0 | D:1      | Fang the Gargoyle Berserker began the quest for the Orb.
     0 | D:1      | Reached XP level 1. HP: 14/14 MP: 1/1
   338 | D:1      | Reached XP level 2. HP: 13/19 MP: 2/2
  1087 | D:2      | Reached XP level 3. HP: 24/24 MP: 3/3
  1205 | D:2      | Reached ** piety under Trog
  1382 | D:2      | Noticed Natasha
  1388 | D:2      | HP: 1/24 [Natasha/magic dart (7)]
  1392 | D:2      | Slain by Natasha

Skill      XL: |  1  2 |
---------------+-------+-----
Axes           | 3 |  3.6
Fighting       | |  3.8
Armour         | |  2.3
Dodging        | |  1.9

Action                   || total
-------------------------++-------
Melee: Hand axe          ||    99
Invok: Berserk           ||     2
  Eat: Chunk             ||     2
Armor: Animal skin       ||    50
Dodge: Dodged            ||    63
